 Dungeon Crawl Stone Soup version 0.31-a0-460-g9e667d4245 (webtiles) character file.

Game seed: 10895119969363939265

167 MisterAzrael the Ruffian (level 5, -1/35 HPs)
             Began as an Octopode Shapeshifter on Aug 4, 2023.
             Slain by a jackal (2 damage)
             ... on level 3 of the Dungeon.
             The game lasted 00:02:12 (2045 turns).

MisterAzrael the Ruffian (Octopode Shapeshifter)    Turns: 2045, Time: 00:02:13

Health: -1/35      AC:  1    Str: 16    XL:     5   Next: 48%
Magic:  5/5        EV: 13    Int: 11    God:
Gold:   155        SH:  0    Dex: 12    Spells: 4/4 levels left

rFire   . .          .
                       - Unarmed
rCold   . . .        (no shield)
rNeg    . . .        (helmet currently unavailable)
rPois   .            (no amulet)
rElec   .            (no ring)
rCorr   .            (no ring)
SInv    .            (no ring)
Will    .....        (no ring)
Stlth   +++          (no ring)
HPRegen 0.25/turn    (no ring)
MPRegen 0.09/turn    (no ring)
                     (no ring)

%: no passive effects
@: beast-form
A: beast (slay +2), almost no armour, amphibious, 8 rings, camouflage 1,
gelatinous body 1, (nimble swimmer 1), tentacles
a: Begin Untransformation


You were on level 3 of the Dungeon.
You were a hulking beast.
You visited 1 branch of the dungeon, and saw 3 of its levels.

You collected 155 gold pieces.

Inventory:

Magical Staves
 d - a staff of earth
Talismans
 b - a beast talisman (active)
Scrolls
 e - a scroll of enchant weapon {unknown}
 f - a scroll of identify {unknown}
 g - a scroll of revelation {unknown}
 h - a scroll of enchant armour {unknown}
 i - a scroll of blinking {unknown}
 n - a scroll of poison {unknown}
Potions
 a - 2 potions of lignification
 c - a potion of might {unknown}
 j - a potion of haste {unknown}
 k - a potion of cancellation {unknown}
 l - a potion of attraction {unknown}
 m - a potion of degeneration {unknown}


   Skills:
 * Level 2.6 Fighting
 + Level 2.6 Dodging
 * Level 2.7 Stealth
 * Level 4.1 Unarmed Combat
 + Level 3.3 Shapeshifting


You had 4 spell levels left.
You didn't know any spells.
Your spell library contained the following spells:

 Spells                   Type           Power      Damage    Failure   Level
 Ensorcelled Hibernation  Hex/Ice        0%         N/A       47%         2
 Call Canine Familiar     Summ           0%         N/A       71%         3
 Ozocubu's Armour         Ice            0%         N/A       71%         3
 Portal Projectile        Hex/Tloc       0%         N/A       71%         3
 Anguish                  Hex/Necr       0%         N/A       98%         4
 Leda's Liquefaction      Hex/Erth       0%         N/A       98%         4
 Alistair's Intoxication  Tmut/Pois      0%         N/A       100%        5
 Borgnjor's Vile Clutch   Necr/Erth      0%         N/A       100%        5
 Eringya's Noxious Bog    Tmut/Pois      0%         4d6       100%        6
 Ozocubu's Refrigeration  Ice            0%         4d7       100%        7


Dungeon Overview and Level Annotations

Branches:
Dungeon (3/15)

Altars:

Annotations:
D:2 1 runed translucent door, Crazy Yiuf


Innate Abilities, Weirdness & Mutations

You are a hulking beast.
Your limbs bulge with bestial killing power. (Slay +2)
You cannot wear most types of armour.
You are amphibious.
You can wear up to eight rings at the same time.
Your skin changes colour to match your surroundings (Stealth+).
Your rubbery body absorbs attacks. (AC +1, EV +1)
((You are camouflaged when in or above water. (Stealth+)))
You have tentacles for arms and can constrict up to eight enemies at once.


Message History

You kill the jackal!
You barely miss the jackal. Your grab misses the jackal. The jackal bites you.
The jackal barely misses you. The jackal bites you. Grinder gestures at you.
You barely resist. The jackal bites you. The jackal barely misses you.
You tentacle-slap Grinder. Your grab misses Grinder. You squeeze Grinder.
Grinder is lightly wounded.
The jackal barely misses you. The jackal bites you. Grinder barely misses you.
The jackal closely misses you.
You barely miss Grinder. You grab Grinder. You squeeze Grinder.
Grinder is moderately wounded.
You constrict Grinder. The jackal misses you.
The jackal completely misses you. x2
Grinder hits you!
You writhe in agony.
The jackal barely misses you.
You bludgeon Grinder!
Grinder is heavily wounded.
You constrict Grinder. The jackal closely misses you.
The jackal barely misses you.
A worm comes into view.
The jackal misses you. Grinder gestures at you.
You barely resist. The jackal barely misses you. The jackal bites you.
You tentacle-slap Grinder.
Grinder is heavily wounded.
You constrict Grinder, but do no damage.
The jackal closely misses you. The jackal barely misses you.
The jackal bites you. Grinder hits you!
* * * LOW HITPOINT WARNING * * *
You bludgeon Grinder! You squeeze Grinder!
Grinder is almost dead.
You constrict Grinder.
The jackal barely misses you. x2; The jackal bites you.
* * * LOW HITPOINT WARNING * * *
Grinder gestures at you. Pain shoots through your body!
* * * LOW HITPOINT WARNING * * *
The jackal misses you.
Okay, then.
You tentacle-slap Grinder.
You kill Grinder!
The jackal closely misses you. The jackal bites you.
You die...

#. .# #.. .# #[. .#
####.###. ######
#........ .<...
........# #..#
#.......####..#
#.....hh......##..
#.....hh###...##..
... #.......#
#...##.##.#.#
#.......#
#.........#.#.
..>.....#
#..###.####...
#.......# #..# #.#
#.#. #..###..###..#
#.# #.#. #..
.w......###.####...
#.
...###.............
# #######.###...


You could see a worm and 3 jackals.

Vanquished Creatures
  Grinder (D:3)
  Natasha (thrice) (D:2)
  3 adders
  3 dart slugs
  5 endoplasms
  A giant cockroach (D:3)
  4 goblins
  6 hobgoblins
  7 jackals
  7 kobolds
  2 quokkas
  2 ball pythons (D:1)
  5 bats
  4 frilled lizards
  9 rats
62 creatures vanquished.

Notes
Turn   | Place    | Note
-------+----------+-------------------------------------------
     0 | D:1      | MisterAzrael the Octopode Shapeshifter began the quest for
                  | the Orb.
     0 | D:1      | Reached XP level 1. HP: 13/13 MP: 1/1
   175 | D:1      | Reached XP level 2. HP: 14/18 MP: 2/2
   810 | D:1      | Reached skill level 1 in Stealth
   810 | D:1      | Reached XP level 3. HP: 20/23 MP: 3/3
  1233 | D:2      | Noticed Natasha
  1239 | D:2      | Killed Natasha
  1240 | D:2      | Reached XP level 4. HP: 12/29 MP: 4/4
  1252 | D:2      | Noticed Natasha
  1341 | D:2      | Killed Natasha
  1575 | D:2      | Noticed Natasha
  1578 | D:2      | Killed Natasha
  1579 | D:2      | Reached skill level 4 in Unarmed Combat
  1579 | D:2      | Reached XP level 5. HP: 35/35 MP: 5/5
  1655 | D:2      | Found a runed translucent door.
  1656 | D:2      | Noticed Crazy Yiuf
  2033 | D:3      | Noticed Grinder
  2044 | D:3      | HP: 1/35 [Grinder/nerve-wracking pain (3)]
  2045 | D:3      | Killed Grinder
  2045 | D:3      | Slain by a jackal

Illustrated notes

Levels and vault maps discovered:
D:1:      lightli_arrival_flooded_house, layout_basic
D:2:      layout_basic, uniq_crazy_yiuf_cottage, uniq_natasha
D:3:      minmay_spotlight, layout_loops_cross, grunt_gozag_statues,
          uniq_grinder

Skill      XL: |  1  2  3  4 |
---------------+-------------+-----
Stealth        | 1 2 |  2.7
Fighting       | 2 |  2.6
Unarmed Combat | 4 |  4.1
Dodging        | |  2.6
Shapeshifting  | |  3.3

Action                     |  1- 3 |  4- 6 || total
---------------------------+-------+-------++-------
  Melee: Unarmed           |    49 |    53 ||   102
         Constrict         |    15 |    14 ||    29
         Tentacles         |    12 |    14 ||    26
         Punch             |     2 |       ||     2
   Stab: Sleeping          |     6 |     2 ||     8
 Armour: Skin              |     1 |     6 ||     7
  Dodge: Dodged            |    15 |    42 ||    57

Table legend: (Time is in decaauts)
 A = Elapsed time spent in this place.
 B = Non-inter-level travel time spent in this place.
 C = Inter-level travel time spent in this place.
 D = Time resting spent in this place.
 E = Time spent auto-exploring this place.
 F = Levels seen in this place.
 G = Mean time per level.
                   A        B        C        D        E       F      G
               +--------+--------+--------+--------+--------+-----+--------+
         Total |   2037 |   1982 |     55 |    157 |   1488 |   3 |  679.0 |
       Dungeon |   2037 |   1982 |     55 |    157 |   1488 |   3 |  679.0 |
               +--------+--------+--------+--------+--------+-----+--------+

Top non-repeatable levels by time:
     D:1: 1036 daAuts
     D:2: 711 daAuts
     D:3: 289 daAuts
